 Dungeon Crawl Stone Soup version 0.30-a0-310-g7d6cbdfea6 (webtiles) character file.

Game seed: 15000323377755369838

262 MTVSty1e the Chopper (level 5, -1/48 HPs)
             Began as a Minotaur Fighter on Oct 24, 2022.
             Slain by a human (8 damage)
             ... on level 7 of the Dungeon.
             The game lasted 00:03:43 (2352 turns).

MTVSty1e the Chopper (Minotaur Fighter)             Turns: 2352, Time: 00:03:44

Health: -1/48      AC:  6    Str: 22    XL:     5   Next: 97%
Magic:  4/4        EV:  9    Int:  5    God:
Gold:   110        SH:  6    Dex: 10    Spells: 4/4 levels left

rFire   . . .      SeeInvis .    v - +2 hand axe (vorpal)
rCold   . . .      Faith    .    k - +2 buckler
rNeg    . . .      Spirit   .    b - +0 scale mail
rPois   .          Reflect  .    (helmet restricted)
rElec   .          Harm     .    (no cloak)
rCorr   .          Rampage  .    (no gloves)
Will    .....                    (no boots)
Stlth   ..........               f - amulet of the acrobat
HPRegen 0.28/turn                (no ring)
MPRegen 0.09/turn                (no ring)

@: mighty, slowed, very slow
A: horns 2, retaliatory headbutt
a: no special abilities


You were on level 7 of the Dungeon.
You visited 1 branch of the dungeon, and saw 5 of its levels.

You collected 110 gold pieces.

Inventory:

Hand Weapons
 a - a +0 war axe
 v - a +2 vorpal hand axe (weapon)
Armour
 b - a +0 scale mail (worn)
 c - a +0 buckler
 k - a +2 buckler (worn)
Jewellery
 f - an amulet of the acrobat (around neck)
Wands
 q - a wand of paralysis (12)
 s - a wand of acid (13)
Scrolls
 g - 2 scrolls of teleportation {unknown}
 i - a scroll of vulnerability {unknown}
 j - a scroll of torment {unknown}
 l - a scroll of magic mapping {unknown}
 n - a scroll of identify {unknown}
 o - a scroll of enchant weapon {unknown}
 t - a scroll of noise {unknown}
 w - a scroll of blinking {unknown}
Potions
 e - 2 potions of brilliance {unknown}
 h - 2 potions of haste
 m - a potion of degeneration {unknown}
 p - 2 potions of curing {unknown}
 r - a potion of cancellation {unknown}
 u - a potion of ambrosia {unknown}
 x - a potion of magic {unknown}
 z - a potion of heal wounds {unknown}


   Skills:
 + Level 5.0 Fighting
 * Level 6.7 Axes
 - Level 3.6 Armour
 - Level 3.6 Shields


You had 4 spell levels left.
You didn't know any spells.
Your spell library contained the following spells:

 Spells                   Type           Power      Damage    Failure   Level
 Magic Dart               Conj           0%         1d3       88%         1
 Call Imp                 Summ           0%         N/A       95%         2
 Ignite Poison            Fire/Tmut/Pois 0%         N/A       99%         3
 Kindle Blastsparks       Fire/Tloc/Air  0%         2d10      99%         3
 Mephitic Cloud           Conj/Pois/Air  0%         N/A       99%         3
 Freezing Cloud           Conj/Ice/Air   0%         6-21      100%        5


Dungeon Overview and Level Annotations

Branches:
Dungeon (4/15)
 Temple: D:4-7

Altars:
Dithmenos
Fedhas
Nemelex Xobeh
Sif Muna
Uskayaw

Annotations:
D:4 Edmund


Innate Abilities, Weirdness & Mutations

You have a pair of horns on your head.
You reflexively headbutt those who attack you in melee.


Message History

The human unwields a +0 sling.
The human hits you.
The human unwields a +0 sling.
You block the human's attack. x2
The human attacks as you move away! The human closely misses you.
You block the hornet's attack.
You miss the human. You closely miss the human. You hit the human.
You barely miss the hornet. The hornet completely misses you.
The human barely misses you. The human hits you with a +0 club.
You hear a distant slurping noise.
You feel very mighty all of a sudden.
The hornet stings you but does no damage.
The human wields a +0 sling.
The human shoots a sling bullet.
The sling bullet hits you! You block the human's attack.
You block the hornet's attack. The human hits you with a +0 club!
The human hits you but does no damage.
You are too injured to fight recklessly!
You are too injured to fight recklessly!
Unknown command.
The human closely misses you.
The human shoots a sling bullet.
The sling bullet hits you.
* * * LOW HITPOINT WARNING * * *
The hornet completely misses you.
You are too injured to fight recklessly!
You are too injured to fight recklessly!
You are too injured to fight recklessly!
Unknown command.
You are too injured to fight recklessly!
You are too injured to fight recklessly!
You closely miss the hornet. Your headbutt misses the hornet.
The hornet is heavily wounded.
You barely miss the human. You hit the human. The hornet closely misses you.
You furiously retaliate!
You headbutt the hornet! The human hits you.
* * * LOW HITPOINT WARNING * * *
The human closely misses you. The hornet stings you.
* * * LOW HITPOINT WARNING * * *
You feel yourself slow down.
You barely miss the hornet. Your headbutt misses the hornet.
The hornet is severely wounded.
You slash the human! You barely miss the human. You slash the human!
The human hits you!
You die...

.# .## . ..# .. ..#.. ##
#### ...
.##############p@######.##
...............ppy.......#
...............pp........#
+########..####...#..##.##
.########..##...###### ##
.......p.........
................?#
.###+##...#####.## .###
#...# #.#


You could see a hornet and 5 humans.

Vanquished Creatures
  A bullfrog (D:4)
  2 orc priests (D:3)
  3 adders
  2 worms
  2 dart slugs
  12 orcs
  9 endoplasms
  7 giant cockroaches
  4 goblins (D:3)
  5 hobgoblins
  6 jackals (D:1)
  6 quokkas
  4 ball pythons (D:2)
  2 bats
  2 frilled lizards (D:2)
  9 kobolds
  6 rats
82 creatures vanquished.

Notes
Turn   | Place    | Note
-------+----------+-------------------------------------------
     0 | D:1      | MTVSty1e the Minotaur Fighter began the quest for the Orb.
     0 | D:1      | Reached XP level 1. HP: 19/19 MP: 0/0
   195 | D:1      | Reached XP level 2. HP: 27/27 MP: 1/1
   244 | D:1      | Reached skill level 3 in Axes
   598 | D:1      | Reached XP level 3. HP: 34/34 MP: 2/2
  1043 | D:2      | Reached skill level 4 in Axes
  1480 | D:3      | Reached XP level 4. HP: 32/41 MP: 3/3
  1548 | D:3      | Found a hide-covered altar of Uskayaw.
  1586 | D:3      | Found a sparkling altar of Nemelex Xobeh.
  1598 | D:3      | Found a shadowy altar of Dithmenos.
  1605 | D:3      | Found the +4 robe of Augmentation {Str+4 Int+4 Dex+4}
  1786 | D:3      | Reached skill level 5 in Axes
  1828 | D:3      | Found a blossoming altar of Fedhas.
  1917 | D:3      | Found a faded altar of an unknown god.
  1979 | D:3      | Reached XP level 5. HP: 39/47 MP: 4/4
  2079 | D:4      | Found a shimmering blue altar of Sif Muna.
  2110 | D:4      | Reached skill level 5 in Fighting
  2110 | D:4      | Reached skill level 6 in Axes
  2149 | D:4      | Noticed Edmund
  2305 | D:4      | You fall into a shaft and drop 3 floors!
  2311 | D:7      | Noticed a human
  2313 | D:7      | Noticed a human
  2326 | D:7      | Noticed a human
  2328 | D:7      | Noticed a human
  2339 | D:7      | Noticed a hornet
  2343 | D:7      | Noticed a human
  2352 | D:7      | Slain by a human

Illustrated notes

Levels and vault maps discovered:
D:1:      dpeg_arrival_simpleton_b, layout_basic
D:2:      layout_basic
D:3:      layout_basic, lemuel_round_altar, grunt_dithmenos_smoke_and_mirrors,
          lemuel_crystal_altar, fedhas_altar_2,
          shapermc_ecumenical_altar_flowoftime
D:4:      minmay_opposing_rooms, layout_basic, kennysheep_mini_moat,
          minmay_temple_entry_glassed_door, gup_sewer_entry_glass, uniq_edmund
D:7:      layout_gridville, kennysheep_slug_shrine, minmay_ruffians,
          uniq_prince_ribbit1

Skill      XL: |  1  2  3  4  5 |
---------------+----------------+-----
Fighting       | 4 5 |  5.0
Axes           | 3 4 5 6 |  6.7
Armour         | |  3.6
Shields        | |  3.6

Action                   |  1- 3 |  4- 6 || total
-------------------------+-------+-------++-------
Melee: War axe           |    86 |    32 ||   118
       Headbutt          |    10 |     9 ||    19
       Hand axe          |       |    41 ||    41
  Use: Potion            |       |     1 ||     1
Armor: Scale mail        |    38 |    21 ||    59
Dodge: Dodged            |    51 |    45 ||    96
Block: Buckler           |    24 |    41 ||    65

Table legend: (Time is in decaauts)
 A = Elapsed time spent in this place.
 B = Non-inter-level travel time spent in this place.
 C = Inter-level travel time spent in this place.
 D = Time resting spent in this place.
 E = Time spent auto-exploring this place.
 F = Levels seen in this place.
 G = Mean time per level.
                   A        B        C        D        E       F      G
               +--------+--------+--------+--------+--------+-----+--------+
         Total |   2394 |   2228 |    166 |    157 |   1561 |   5 |  478.8 |
       Dungeon |   2394 |   2228 |    166 |    157 |   1561 |   5 |  478.8 |
               +--------+--------+--------+--------+--------+-----+--------+

Top non-repeatable levels by time:
     D:2: 787 daAuts
     D:3: 739 daAuts
     D:1: 716 daAuts
     D:4: 104 daAuts
     D:7: 46 daAuts
